 Dungeon Crawl Stone Soup version 0.28-a0-612-gcfc00ec14d (webtiles) character file.

Game seed: 7186446910569406956

16229 spiderkeys the Nimble (level 12, -14/68 HPs)
             Began as a Deep Elf Abyssal Knight on Oct 6, 2021.
             Was a Priest of Lugonu.
             Demolished by a komodo dragon (23 damage)
             ... on level 1 of the Lair of Beasts.
             The game lasted 00:51:34 (16093 turns).

spiderkeys the Nimble (Deep Elf Abyssal Knight)    Turns: 16093, Time: 00:51:35

Health: -14/68     AC: 13    Str: 16    XL:     12   Next: 8%
Magic:  25/26      EV: 17    Int: 21    God:    Lugonu [***...]
Gold:   856        SH:  5    Dex: 15    Spells: 17/27 levels left

rFire   + . .      SeeInvis .   Q - +8 lance "Wyrmbane" {slay drac, rPois rF+ rC+ AC+3}
rCold   + + +      Faith    .   n - +0 buckler
rNeg    + . .      Spirit   .   J - +1 leather armour of Spite {rC++ rN+}
rPois   +          Reflect  .   y - +1 helmet
rElec   .          Harm     .   l - +2 cloak {Stlth+}
rCorr   .          Rampage  .   (no gloves)
Will    +....                   E - +0 pair of boots
Stlth   ++++......              a - amulet of magic regeneration
HPRegen 0.21/turn               Z - ring of wizardry
MPRegen 0.45/turn               S - +6 ring of strength

@: attractive
A: no potion heal 1
a: Renounce Religion, Depart the Abyss, Bend Space, Banish


You were on level 1 of the Lair of Beasts.
You worshipped Lugonu.
Lugonu was most pleased with you.
You visited 2 branches of the dungeon, and saw 12 of its levels.
You visited the Abyss 1 time.

You collected 856 gold pieces.


Innate Abilities, Weirdness & Mutations

Potions are less effective at restoring your health.


   Skills:
 + Level 5.3 Fighting
 - Level 2.0(4.5) Short Blades
 - Level 5.8(6.0) Long Blades
 - Level 0.7 Armour
 + Level 11.0 Dodging
 + Level 5.0 Stealth
 - Level 4.0 Shields
 + Level 8.0 Spellcasting
 + Level 7.0 Conjurations
 + Level 7.0 Fire Magic
 - Level 10.0 Invocations


You had 17 spell levels left.
You knew the following spells:

 Your Spells              Type           Power      Damage    Failure   Level
c - Conjure Flame         Conj/Fire      37%        6-21      1%          3
f - Foxfire               Conj/Fire      100%       2x1d9     1%          1
X - Flame Wave            Conj/Fire      37%        3d8       2%          4
Y - Scorch                Fire           74%        2d9       1%          2

Your spell library contained the following spells:

 Spells                   Type           Power      Damage    Failure   Level
 Inner Flame              Hex/Fire       23%        N/A       2%          3
 Sticky Flame             Conj/Fire      37%        2d6       2%          4
 Animate Skeleton         Necr           16%        N/A       4%          1
 Apportation              Tloc           16%        N/A       4%          1
 Freeze                   Ice            32%        1d5       4%          1
 Summon Small Mammal      Summ           32%        N/A       4%          1
 Slow                     Hex            8%         N/A       6%          2
 Hailstorm                Conj/Ice       23%        3d7       9%          4
 Call Canine Familiar     Summ           8%         N/A       12%         3
 Confusing Touch          Hex            8%         N/A       12%         3
 Frozen Ramparts          Ice            16%        1d3       12%         3
 Ozocubu's Armour         Ice            8%         N/A       12%         3
 Summon Guardian Golem    Hex/Summ       8%         N/A       12%         3
 Vampiric Draining        Necr           4%         2d6       12%         3
 Lightning Bolt           Conj/Air       11%        1d24      26%         5
 Airstrike                Air            4%         N/A       34%         4
 Cause Fear               Hex            4%         N/A       34%         4
 Leda's Liquefaction      Hex/Erth       4%         N/A       34%         4
 Petrify                  Tmut/Erth      8%         N/A       34%         4
 Summon Lightning Spire   Summ/Air       8%         N/A       34%         4
 Lee's Rapid Deconstruct  Erth           4%         3d6*      69%         5
 Metabolic Englaciation   Hex/Ice        4%         N/A       69%         5
 Statue Form              Tmut/Erth      5%         N/A       99%         6
 Summon Cactus Giant      Summ           4%         N/A       99%         6
 Discord                  Hex            4%         N/A       100%        8
 Fire Storm               Conj/Fire      18%        8d5       100%        9

Inventory:

Hand Weapons
 c - the +7 long sword of Virtue {vorpal, Contam rC+ SInv}
   (You found it on level 2 of the Abyss)

   It inflicts extra damage upon your enemies.
   rC:        It protects you from cold.
   SInv:      It lets you see invisible.
   Contam:    It causes magical contamination when unequipped.
 t - a +2 dagger of electrocution
   (You took it off an orc on level 3 of the Dungeon)
 H - a +6 scimitar
   (You found it on level 10 of the Dungeon)
 Q - the +8 lance "Wyrmbane" (weapon) {slay drac, rPois rF+ rC+ AC+3}
   (You found it on level 1 of the Lair of Beasts)

   It inflicts extra damage against dragons and draconians.
   AC:        It affects your AC (+3).
   rF:        It protects you from fire.
   rC:        It protects you from cold.
   rPois:     It protects you from poison.
Missiles
 d - 308 stones
 f - 96 sling bullets
 h - 161 arrows
 u - 9 boomerangs
 w - 7 silver boomerangs
 x - 17 bolts
 A - 26 poisoned darts
 D - 6 javelins
 K - 3 throwing nets {=f!f}
Armour
 l - a +2 cloak of stealth (worn)
   (You found it on level 2 of the Dungeon)
 n - a +0 buckler (worn)
   (You found it on level 4 of the Dungeon)
 y - a +1 helmet (worn)
   (You found it on level 5 of the Dungeon)
 E - a +0 pair of boots (worn)
   (You found it on level 6 of the Dungeon)
 J - the +1 leather armour of Spite (worn) {rC++ rN+}
   (You found it on level 6 of the Dungeon)

   rC:        It greatly protects you from cold.
   rN:        It protects you from negative energy.
Magical Staves
 s - a staff of conjuration {!a}
   (You found it on level 4 of the Dungeon)
Jewellery
 a - an amulet of magic regeneration (around neck)
   (You found it on level 8 of the Dungeon)
 C - a ring of protection from cold
   (You found it on level 4 of the Dungeon)
 F - a ring of protection from fire
   (You found it on level 6 of the Dungeon)
 M - the amulet of Nawetova {Spirit Will++}
   (You found it on level 10 of the Dungeon)

   [amulet of guardian spirit]

   It causes incoming damage to be divided between your reserves of health and
   magic.
   Will:      It greatly increases your willpower.
 S - a +6 ring of strength (right hand)
   (You found it on level 6 of the Dungeon)
 W - a ring of magical power
   (You found it on level 11 of the Dungeon)
 Z - a ring of wizardry (left hand)
   (You found it on level 1 of the Lair of Beasts)
Wands
 r - a wand of flame (12)
   (You found it on level 9 of the Dungeon)
 z - a wand of mindburst (5)
   (You found it on level 6 of the Dungeon)
 I - a wand of charming (13)
   (You found it on level 6 of the Dungeon)
 N - a wand of iceblast (8)
   (You found it on level 10 of the Dungeon)
Scrolls
 j - 3 scrolls of fog
 k - a scroll of amnesia
 m - a scroll of vulnerability {!r!r}
 p - a scroll of blinking {!r}
 B - 3 scrolls of enchant weapon
 G - 2 scrolls of immolation {!r!r}
 L - 4 scrolls of magic mapping {!r}
 O - 2 scrolls of teleportation {@r4}
Potions
 b - a potion of cancellation
 e - 2 potions of resistance
 g - 2 potions of lignification {!q}
 i - 5 potions of might
 o - a potion of brilliance
 P - 2 potions of magic
 T - a potion of flight
Miscellaneous
 R - a phial of floods
   (You found it on level 1 of the Lair of Beasts)

Dungeon Overview and Level Annotations

Branches:
Dungeon (11/15)            Temple (0/1) D:7            Lair (1/6) D:8
    Orc (0/2) D:9

Altars:
Dithmenos
Elyvilon
Gozag
Kikubaaqudgha
Makhleb
Nemelex Xobeh
Qazlal
Vehumet
Yredelemnul
The Shining One

Shops:
D:8 [

Annotations:
Lair:1 exclusion: oklob plant
Abyss:1 Pikel; siradein's ghost, novice GrFi

##....##....## #....#...#
#........l## ....##...#
#....###..## .........#
##.....#..§.###P.........#
#.........§..........#....
#.#.#P.###§...P#...#.#....
#.#####.........##.#......
##..##.#..l......##........
##......#..@.......#........
#.....................#.....
#.................#.^.##....
######....÷÷..#.##.#..#..........
..............## #..............#
..........÷...# #...............
..............####...............
.................................
..............######..#.........#


You could see a komodo dragon.


Message History

😮 HP[-23]
You take 23 damage, and now have 45/68 hp.
MASSIVE DAMAGE!! (PAUSE)
You are too injured to fight recklessly!
Reach: Q) +8 lance "Wyrmbane" {slay drac, rPois rF+ rC+ AC+3}
Press: ? - help, Dir - move target, f - komodo dragon
Aim: a komodo dragon (lightly wounded, about 24% to evade the +8 lance "Wyrmbane")
You hit the komodo dragon.
A komodo dragon comes into view.
The komodo dragon bites you!
* * * LOW HITPOINT WARNING * * *
The komodo dragon is attracted toward you. 😨 HP[-13]
You take 13 damage, and now have 32/68 hp.
Space bends sharply around you!
The fungus begins to die.
You blink.
A bullfrog comes into view.
The komodo dragon hisses angrily.
The bullfrog is attracted toward you. 😨 HP[-2] MP[-1]
You take 2 damage, and now have 30/68 hp.
You lost 1 mp, and now have 25/26 mp.
Space bends around you!
You blink.
The komodo dragon is attracted toward you.
The bullfrog is attracted toward you.
The komodo dragon is attracted toward you. 😨 HP[-1]
You take 1 damage, and now have 29/68 hp.
Space bends sharply around you!
The komodo dragon blinks!
The bullfrog gives a loud, deep croak!
The bullfrog blinks!
You blink.
A nearby fungus withers and dies.
The komodo dragon is attracted toward you. x2 😨 HP[-2] MP[-1]
You take 2 damage, and now have 27/68 hp.
You lost 1 mp, and now have 24/26 mp.
Unknown command.
Really read
p - 3 scrolls of blinking {!r}?
Blink to where?
Press: ? - help, Dir - move target, p - komodo dragon
As you read the scroll of blinking {!r}, it crumbles to dust.
The komodo dragon is attracted toward you. x2 😨 MP[+1]
The komodo dragon is attracted toward you. 😨 HP[+1] MP[+1]
Your mp is fully restored (26).
The komodo dragon is attracted toward you.
The komodo dragon is attracted toward you. 😨 HP[+1]
The komodo dragon bites you.
* * * LOW HITPOINT WARNING * * *
The komodo dragon is attracted toward you. 😨 HP[-2]
You take 2 damage, and now have 27/68 hp.
Space bends around you!
You blink.
The bullfrog is attracted toward you. 😨 HP[-2] MP[-1]
You take 2 damage, and now have 25/68 hp.
You lost 1 mp, and now have 25/26 mp.
Space bends around you!
You blink.
The komodo dragon bites you!
* * * LOW HITPOINT WARNING * * *
😱 HP[-15] MP[-1]
You take 15 damage, and now have 10/68 hp.
MASSIVE DAMAGE!! (PAUSE)
You lost 1 mp, and now have 24/26 mp.
Okay, then.
Really read
p - 2 scrolls of blinking {!r}?
Blink to where?
Press: ? - help, Dir - move target
As you read the scroll of blinking {!r}, it crumbles to dust.
The bullfrog is attracted toward you.
The komodo dragon is attracted toward you. 😱 MP[+1]
Aiming: Iceblast
Press: ? - help, Shift-Dir - straight line, f - bullfrog
Aim: a bullfrog The mass of ice explodes!
The iceblast engulfs the bullfrog!
The iceblast engulfs the komodo dragon.
The bullfrog is attracted toward you.
The komodo dragon is attracted toward you. x2 😱 HP[+1] Space bends around you!
You blink.
The bullfrog is attracted toward you.
The komodo dragon is attracted toward you. 😱 HP[-2]
You take 2 damage, and now have 9/68 hp.
Aiming: Iceblast
Press: ? - help, Shift-Dir - straight line, f - komodo dragon, p - bullfrog
Aim: a komodo dragon (moderately wounded)
The mass of ice explodes!
The iceblast engulfs the komodo dragon.
The iceblast engulfs the bullfrog!
You kill the bullfrog!
Lugonu accepts your kill. The komodo dragon bites you!!
You die...

Skill      XL: |  1  2  3  4  5  6  7  8  9 10 11 12 |
---------------+-------------------------------------+-----
Spellcasting   | 1 2 3 4 5 7 8 |  8.0
Dodging        | 3 4 5 6 7 9 10 11 | 11.0
Long Blades    | 1 2 3 4 5 |  5.8
Fighting       | 3 5 |  5.3
Invocations    | 3 4 5 6 8 9 10 | 10.0
Shields        | 1 3 4 |  4.0
Conjurations   | 2 3 4 6 7 |  7.0
Fire Magic     | 2 3 4 7 |  7.0
Stealth        | 5 |  5.0
Short Blades   | |  2.0
Armour         | |  0.7

Action                   |  1- 3 |  4- 6 |  7- 9 | 10-12 || total
-------------------------+-------+-------+-------+-------++-------
Melee: Long sword        |   108 |    84 |   173 |   165 ||   530
       Lance             |       |       |       |     3 ||     3
Throw: Stone             |       |    11 |       |       ||    11
       Boomerang         |       |     4 |     6 |       ||    10
       Dart              |       |       |     8 |       ||     8
       Javelin           |       |       |       |     2 ||     2
 Cast: Foxfire           |       |     5 |     4 |    89 ||    98
       Flame Wave        |       |       |       |    22 ||    22
       Scorch            |       |       |       |    44 ||    44
Invok: Depart the Abyss  |     1 |       |       |       ||     1
       Bend Space        |       |     2 |     2 |    13 ||    17
       Banish            |       |       |     2 |     9 ||    11
Evoke: Wand              |       |       |     7 |    12 ||    19
  Use: Scroll            |     1 |     6 |     7 |     8 ||    22
       Potion            |       |       |    10 |     2 ||    12
 Stab: Sleeping          |     5 |     6 |     3 |     5 ||    19
Armor: Leather armour    |    43 |    19 |    47 |    62 ||   171
       Skin              |       |       |     5 |       ||     5
Dodge: Dodged            |   118 |    53 |   126 |   166 ||   463
Block: Buckler           |       |     6 |    48 |    60 ||   114

Levels and vault maps discovered:
D:1:      kb_arrival_jail, layout_basic, shapermc_ecumenical_altar_totnotflames,
          minmay_misc_feat_roman
D:2:      layout_loops_ring, chequers_mini_garden, grunt_ministairs_14,
          roderic_serpentine_path, minmay_goblin_kobold_house
D:3:      layout_basic
D:4:      minmay_chambers_of_twos, layout_layer_cave,
          mainiacjoe_overflow_six_doors_small, lemuel_crystal_altar,
          grunt_temple_overflow_diamond, due_unseen_surprise
D:5:      layout_cave_pools, feat_on_display, uniq_pikel
D:6:      layout_loops_ring, mainiacjoe_overflow_alcove_1,
          nemelex_xobeh_ov_fountains_minmay, chequers_serial_rivers_micro_d,
          uniq_menkaure
D:7:      layout_loops_corners, makhleb_altar_promises_db,
          minmay_temple_entry_large_hall, minmay_between, uniq_maggie
D:8:      layout_rooms, due_lair_maze_entry_diamond, serial_shops,
          kennysheep_mini_moat
D:9:      layout_rooms, mainiacjoe_overflow_concentric_impassable, orc_0_dummy
D:10:     layout_basic, general_overflow_altar, gammafunk_ghost_hydra_chop,
          hangedman_fish_farm
D:11:     layout_roguey, uniq_erica
Lair:1:   dragon1_lemuel, layout_gridlike, lemuel_oklob_altar

Notes
Turn   | Place    | Note
-------+----------+-------------------------------------------
     0 | Abyss:1  | spiderkeys the Deep Elf Abyssal Knight began the quest for
                  | the Orb.
     0 | Abyss:1  | Reached XP level 1. HP: 13/13 MP: 4/4
     0 | Abyss:1  | magus.rc [v1.9.10]
    22 | Abyss:2  | Identified the +7 long sword of Virtue {vorpal, Contam rC+
                  | SInv}
    37 | Abyss:2  | Found a corrupted altar of Lugonu.
    37 | Abyss:2  | Noticed a smoke demon
    38 | D:1      | You pass through the gate.
    38 | D:1      | Escaped the Abyss
    52 | D:1      | Noticed a ghoul
    52 | D:1      | Noticed an ogre
    54 | D:1      | Noticed a human
    54 | D:1      | Noticed a minotaur
    56 | D:1      | Noticed a spriggan
    58 | D:1      | Noticed a demigod
    58 | D:1      | Noticed a troll
    60 | D:1      | Noticed a formicid
    62 | D:1      | Noticed a vampire
    62 | D:1      | Noticed a vine stalker
    64 | D:1      | Noticed an elf
    64 | D:1      | Noticed an octopode
    66 | D:1      | Noticed a draconian
    66 | D:1      | Noticed a merfolk
    68 | D:1      | Noticed a demonspawn
    68 | D:1      | Noticed a dwarf
    70 | D:1      | Noticed a felid
    70 | D:1      | Noticed a gargoyle
    72 | D:1      | Noticed a tengu
    74 | D:1      | Noticed a naga
   690 | D:1      | Reached XP level 2. HP: 18/18 MP: 5/5
   723 | D:1      | Reached * piety under Lugonu
   790 | D:1      | Reached skill level 1 in Spellcasting
   830 | D:1      | Found a faded altar of an unknown god.
  1058 | D:1      | Reached XP level 3. HP: 22/22 MP: 5/7
  1414 | D:2      | Reached skill level 3 in Dodging
  1416 | D:2      | Reached skill level 1 in Long Blades
  1649 | D:2      | Noticed a necrophage
  2035 | D:2      | Reached ** piety under Lugonu
  2625 | D:2      | Reached skill level 2 in Spellcasting
  2625 | D:2      | Reached XP level 4. HP: 23/27 MP: 7/9
  2674 | D:2      | Killed a necrophage
  2675 | D:2      | Reached skill level 3 in Fighting
  2675 | D:2      | Reached skill level 3 in Invocations
  2675 | D:2      | Reached XP level 5. HP: 16/32 MP: 10/10
  2868 | D:2      | You pick up a book of Cantrips and begin reading...
  2868 | D:2      | You add the spells Animate Skeleton, Summon Small Mammal
                  | and Apportation to your library.
  3193 | D:2      | You pick up a book of Hexes and begin reading...
  3193 | D:2      | You add the spells Inner Flame, Cause Fear and Discord to
                  | your library.
  3648 | D:4      | Reached skill level 2 in Long Blades
  3648 | D:4      | Reached skill level 4 in Dodging
  3648 | D:4      | Reached skill level 3 in Spellcasting
  3958 | D:4      | Reached XP level 6. HP: 31/37 MP: 12/12
  3962 | D:4      | Reached *** piety under Lugonu
  4013 | D:4      | You pick up a book of Debilitation and begin reading...
  4013 | D:4      | You add the spells Slow, Vampiric Draining and Confusing
                  | Touch to your library.
  4053 | D:4      | Found a stormy altar of Qazlal.
  4642 | D:4      | You pick up a book of Flames and begin reading...
  4642 | D:4      | You add the spells Foxfire, Conjure Flame and Flame Wave to
                  | your library.
  4645 | D:4      | Learned a level 1 spell: Foxfire
  4706 | D:4      | Found a radiant altar of Vehumet.
  5009 | D:4      | Reached skill level 1 in Shields
  5015 | D:4      | HP: 7/37 [ogre (30)]
  5429 | D:4      | Reached XP level 7. HP: 36/41 MP: 13/13
  5433 | D:4      | Reached skill level 1 in Conjurations
  5433 | D:4      | Reached skill level 1 in Fire Magic
  5618 | D:4      | Found a basalt altar of Yredelemnul.
  5622 | D:4      | Found an ancient bone altar of Kikubaaqudgha.
  5626 | D:4      | Found a glowing golden altar of the Shining One.
  5692 | D:5      | Entered Level 5 of the Dungeon
  5796 | D:5      | Reached skill level 2 in Shields
  6046 | D:5      | You pick up a book of Frost and begin reading...
  6046 | D:5      | You add the spells Freeze, Frozen Ramparts and Hailstorm to
                  | your library.
  6058 | D:5      | Reached skill level 4 in Invocations
  6124 | D:5      | Noticed Pikel
  6165 | D:5      | Banished Pikel
  6166 | D:5      | Reached skill level 3 in Long Blades
  6166 | D:5      | Reached skill level 5 in Dodging
  6166 | D:5      | Reached skill level 3 in Shields
  6166 | D:5      | Reached skill level 2 in Conjurations
  6166 | D:5      | Reached skill level 2 in Fire Magic
  6166 | D:5      | Reached XP level 8. HP: 23/46 MP: 9/14
  6551 | D:5      | Reached skill level 3 in Fire Magic
  6686 | D:6      | You pick up a book of Callings and begin reading...
  6686 | D:6      | You add the spells Call Canine Familiar and Summon Guardian
                  | Golem to your library.
  6708 | D:6      | Reached skill level 3 in Conjurations
  6827 | D:6      | Reached skill level 5 in Invocations
  6919 | D:6      | Reached skill level 4 in Shields
  6922 | D:6      | Reached skill level 6 in Dodging
  6971 | D:6      | Found a white marble altar of Elyvilon.
  6999 | D:6      | Reached skill level 4 in Long Blades
  6999 | D:6      | Reached skill level 4 in Spellcasting
  7190 | D:6      | HP: 11/46 [poisoned by a water moccasin]
  7195 | D:6      | HP: 7/46 [poisoned by a water moccasin]
  7511 | D:6      | Noticed Menkaure
  7514 | D:6      | Killed Menkaure
  7515 | D:6      | Reached XP level 9. HP: 51/51 MP: 16/18
  7611 | D:6      | Identified the +1 leather armour of Spite {rC++ rN+}
  7647 | D:6      | Found a sparkling altar of Nemelex Xobeh.
  8032 | D:7      | Reached skill level 5 in Spellcasting
  8215 | D:7      | You pick up a book of Sloth and begin reading...
  8215 | D:7      | You add the spells Petrify, Metabolic Englaciation and
                  | Statue Form to your library.
  8254 | D:7      | You pick up a book of Storms and begin reading...
  8254 | D:7      | You add the spells Airstrike, Summon Lightning Spire and
                  | Lightning Bolt to your library.
  8259 | D:7      | Learned a level 3 spell: Conjure Flame
  8289 | D:7      | Found a staircase to the Ecumenical Temple.
  8581 | D:7      | Reached skill level 6 in Invocations
  8591 | D:7      | Reached skill level 7 in Dodging
  8949 | D:7      | You pick up a book of the Earth and begin reading...
  8949 | D:7      | You add the spells Leda's Liquefaction and Lee's Rapid
                  | Deconstruction to your library.
  9119 | D:7      | Noticed Maggie
  9136 | D:7      | Killed Maggie
  9137 | D:7      | Reached skill level 5 in Long Blades
  9137 | D:7      | Reached skill level 4 in Conjurations
  9137 | D:7      | Reached skill level 4 in Fire Magic
  9386 | D:7      | Found a burning altar of Makhleb.
  9386 | D:7      | Noticed an Executioner
  9389 | D:7      | Noticed a hellwing
  9389 | D:7      | Noticed a hellwing
  9458 | D:8      | HP: 12/51 [centaur/arrow (2)]
  9458 | D:8      | HP: 2/51 [orc priest/divine providence (10)]
  9463 | D:8      | Noticed a komodo dragon
  9475 | D:8      | HP: 12/51 [water moccasin (2)]
  9480 | D:8      | HP: 6/51 [hornet zombie (2)]
  9500 | D:8      | Banished a komodo dragon
  9501 | D:8      | Reached XP level 10. HP: 10/56 MP: 14/19
  9746 | D:8      | Reached skill level 5 in Fire Magic
  9748 | D:8      | HP: 13/56 [poisoned by a water moccasin]
  9990 | D:8      | Reached skill level 5 in Conjurations
  9990 | D:8      | Reached skill level 7 in Invocations
  9997 | D:8      | Learned a level 4 spell: Flame Wave
 10007 | D:8      | Reached skill level 8 in Dodging
 10046 | D:8      | HP: 11/56 [steam dragon (8)]
 10311 | D:8      | Found a staircase to the Lair.
 10336 | D:8      | Reached **** piety under Lugonu
 10462 | D:8      | Reached skill level 6 in Fire Magic
 10488 | D:8      | Reached skill level 6 in Conjurations
 10723 | D:8      | Reached skill level 9 in Dodging
 10723 | D:8      | Reached skill level 8 in Invocations
 10914 | D:8      | Found Azasta Saymm's Antique Armour Shoppe.
 10924 | D:8      | You pick up a book of Scorching and begin reading...
 10924 | D:8      | You add the spells Scorch and Summon Cactus Giant to your
                  | library.
 11021 | D:8      | Learned a level 2 spell: Scorch
 11549 | D:9      | Reached skill level 7 in Fire Magic
 11549 | D:9      | Reached XP level 11. HP: 34/60 MP: 13/20
 11762 | D:9      | Reached skill level 7 in Conjurations
 12029 | D:9      | Found a staircase to the Orcish Mines.
 12138 | D:9      | Found a shadowy altar of Dithmenos.
 12327 | D:10     | Entered Level 10 of the Dungeon
 12327 | D:10     | Noticed a two-headed ogre
 12330 | D:10     | Killed a two-headed ogre
 12331 | D:10     | Reached skill level 1 in Stealth
 12408 | D:10     | Noticed a 12-headed hydra
 12408 | D:10     | Noticed a ten-headed hydra
 12408 | D:10     | Found a runed translucent gate.
 12408 | D:10     | Found a runed translucent gate.
 12408 | D:10     | Found a runed translucent gate.
 12419 | D:10     | Noticed siradein's ghost (novice GrFi)
 12456 | D:10     | Noticed a two-headed ogre
 12468 | D:10     | Killed a two-headed ogre
 12469 | D:10     | Reached skill level 2 in Stealth
 12768 | D:10     | Identified the amulet of Nawetova {Spirit Will++}
 12813 | D:9      | Banished siradein's ghost
 12814 | D:9      | Reached skill level 9 in Invocations
 12922 | D:10     | Reached skill level 10 in Dodging
 12925 | D:10     | Reached skill level 4 in Fighting
 12983 | D:10     | Reached skill level 3 in Stealth
 12983 | D:10     | Reached skill level 6 in Spellcasting
 13580 | D:10     | Killed a ten-headed hydra
 14004 | D:10     | Banished a 12-headed hydra
 14005 | D:10     | Reached skill level 4 in Stealth
 14241 | D:10     | Found an opulent altar of Gozag.
 14811 | D:11     | Noticed Erica
 14816 | D:11     | Killed Erica
 14847 | D:11     | Reached skill level 7 in Spellcasting
 14967 | D:11     | Noticed a death knight
 15081 | Lair:1   | Entered Level 1 of the Lair of Beasts
 15098 | Lair:1   | HP: 15/62 [poisoned by a cane toad]
 15426 | Lair:1   | Reached skill level 5 in Stealth
 15453 | Lair:1   | Reached skill level 5 in Fighting
 15737 | Lair:1   | Found a shadowy altar of Dithmenos.
 15738 | Lair:1   | Noticed an oklob plant
 15777 | Lair:1   | Reached XP level 12. HP: 46/68 MP: 14/25
 15937 | Lair:1   | Noticed a fire dragon
 15939 | Lair:1   | Banished a fire dragon
 15940 | Lair:1   | Reached skill level 11 in Dodging
 15940 | Lair:1   | Reached skill level 8 in Spellcasting
 15940 | Lair:1   | Reached skill level 10 in Invocations
 15959 | Lair:1   | Found the +8 lance "Wyrmbane" {slay drac, rPois rF+ rC+
                  | AC+3}
 15969 | Lair:1   | You add the spells Ozocubu's Armour, Sticky Flame and Fire
                  | Storm to your library.
 15969 | Lair:1   | Got Gaotz's Catalogue of Icy Flames
 15993 | Lair:1   | Gained mutation: Potions are less effective at restoring
                  | your health. [mutagenic glow]
 16089 | Lair:1   | HP: 10/68 [komodo dragon (13)]
 16093 | Lair:1   | Demolished by a komodo dragon

Vanquished Creatures
  A hydra (D:10)
  Erica (D:11)
  2 two-headed ogres (D:10)
  A black mamba (Lair:1)
  4 cane toads (Lair:1)
  An unseen horror (D:11)
  Maggie (D:7)
  A troll (D:10)
  A merfolk (D:10)
  A shadow (D:11)
  A wyvern (D:8)
  15 yaks
  4 steam dragons
  4 vampire mosquitoes (D:7)
  Menkaure (D:6)
  An acid dragon (D:9)
  10 water moccasins
  3 orc warriors
  3 black bears (D:8)
  A hornet zombie (D:8)
  4 necrophages
  3 ogres
  2 centaurs
  A lemure (D:4)
  A phantom (D:6)
  9 bullfrogs
  2 gnoll sergeants
  A scorpion (D:4)
  7 wights (D:9)
  5 killer bees (D:8)
  5 electric eels (D:10)
  2 howler monkeys
  2 centaur zombies
  3 hounds
  3 jellies
  5 orc priests
  2 bullfrog skeletons
  2 iguanas
  8 orc wizards
  A killer bee zombie (D:8)
  A howler monkey zombie (D:9)
  3 adders
  8 gnolls
  2 white imps
  An adder skeleton (D:4)
  A worm (D:4)
  3 dart slugs
  15 orcs
  11 ball pythons
  10 bats
  4 endoplasms
  5 giant cockroaches
  6 goblins
  8 hobgoblins
  10 jackals
  6 quokkas
  2 frilled lizards (D:2)
  17 kobolds
  6 rats
244 creatures vanquished.

Vanquished Creatures (others)
  An acid dragon (D:8)
  155 foxfires
  44 fungi
  56 plants
256 creatures vanquished.

Grand Total: 500 creatures vanquished

Table legend:
 A = Non-vault XP
 B = Vault XP
 C = Vault XP percentage of total XP
 D = Non-vault monster count
 E = Vault monster count
 F = Vault count percentage of total count
                 A         B        C        D         E       F
            +---------+---------+-------+---------+---------+-------
      Total |   15404 |    7871 |  33.8 |     213 |      37 |  14.8
            +---------+---------+-------+---------+---------+-------
        D:1 |      51 |       0 |   0.0 |      30 |       0 |   0.0
        D:2 |     176 |       9 |   4.9 |      28 |       6 |  17.6
        D:3 |      42 |       0 |   0.0 |      17 |       0 |   0.0
        D:4 |     234 |     234 |  50.0 |      13 |       8 |  38.1
        D:5 |     495 |     663 |  57.3 |       7 |       1 |  12.5
        D:6 |     892 |     175 |  16.4 |      12 |       1 |   7.7
        D:7 |     905 |     541 |  37.4 |       8 |       4 |  33.3
        D:8 |    3098 |    1735 |  35.9 |      29 |      11 |  27.5
        D:9 |    2393 |     769 |  24.3 |      25 |       1 |   3.8
       D:10 |    2871 |    2007 |  41.1 |      25 |       3 |  10.7
       D:11 |     752 |     823 |  52.3 |       5 |       1 |  16.7
     Lair:1 |    3495 |     915 |  20.7 |      14 |       1 |   6.7
            +---------+---------+-------+---------+---------+-------

Illustrated notes

Table legend:
 A = Kills in this place as a percentage of kills in entire the game.
 B = Kills by you in this place as a percentage of kills by you in the entire game.
 C = Kills by friends in this place as a percentage of kills by friends in the entire game.
 D = Other kills in this place as a percentage of other kills in the entire game.
 E = Experience gained in this place as a percentage of experience gained in the entire game.
 F = Experience gained in this place divided by the number of levels of this place that you have seen.
                   A       B       C       D       E      F
               +-------+-------+-------+-------+-------+----------------------
         Total | 100.0 | 100.0 |   N/A | 100.0 | 100.0 | 1662.5
       Dungeon |  94.0 |  94.2 |   N/A |  85.7 |  81.1 | 1715.0
          Lair |   6.0 |   5.8 |   N/A |  14.3 |  18.9 | 4410.0
               +-------+-------+-------+-------+-------+----------------------

Table legend: (Time is in decaauts)
 A = Elapsed time spent in this place.
 B = Non-inter-level travel time spent in this place.
 C = Inter-level travel time spent in this place.
 D = Time resting spent in this place.
 E = Time spent auto-exploring this place.
 F = Levels seen in this place.
 G = Mean time per level.
                   A        B        C        D        E       F      G
               +--------+--------+--------+--------+--------+-----+--------+
         Total |  16265 |  15790 |    475 |   2881 |  10619 |  14 | 1161.8 |
       Dungeon |  15440 |  14965 |    475 |   2609 |  10251 |  11 | 1403.6 |
          Lair |    786 |    786 |      0 |    272 |    362 |   1 |  786.0 |
         Abyss |     37 |     37 |      0 |      0 |      6 |   2 |   18.5 |
               +--------+--------+--------+--------+--------+-----+--------+

Top non-repeatable levels by time:
     D:8: 2125 daAuts
     D:4: 2096 daAuts
    D:10: 2089 daAuts
     D:1: 1897 daAuts
     D:7: 1517 daAuts
     D:9: 1474 daAuts
     D:2: 1351 daAuts
     D:6: 1245 daAuts
     D:5: 981 daAuts
  Lair:1: 786 daAuts
     D:3: 386 daAuts
    D:11: 275 daAuts
 Abyss:2: 23 daAuts
 Abyss:1: 14 daAuts
